 Dungeon Crawl Stone Soup version 0.27-a0-1565-gad902ab807 (webtiles) character file.

Game seed: 211125643615230447

17 flotson the Sneak (level 2, -5/24 HPs)
             Began as a Demonspawn Delver on July 17, 2021.
             Slain by an ogre (8 damage)
             ... on level 2 of the Dungeon.
             The game lasted 00:02:54 (466 turns).

flotson the Sneak (Demonspawn Delver)                Turns: 466, Time: 00:02:55

Health: -5/24      AC:  6    Str: 12    XL:     2   Next: 44%
Magic:  2/2        EV:  9    Int: 11    God:
Gold:   0          SH:  0    Dex: 14    Spells: 1/1 levels left

rFire    + . .     SeeInvis .   a - +0 hand axe
rCold    . . .     Faith    .   (no shield)
rNeg     . . .     Spirit   .   d - +0 scale mail
rPois    .         Reflect  .   (no helmet)
rElec    .         Harm     .   (no cloak)
rCorr    .         Rampage  .   (no gloves)
Will     .....                  (no boots)
Stlth    +.........             (no amulet)
HPRegen  0.08/turn              (no ring)
MPRegen  0.08/turn              (no ring)

@: no status effects
A: spiny 1, fire resistance 1
a: no special abilities


You were on level 2 of the Dungeon.
You visited 1 branch of the dungeon, and saw 4 of its levels.

Inventory:

Hand Weapons
 a - a +0 hand axe (weapon)
Armour
 d - a +0 scale mail (worn)
Wands
 g - a wand of digging (1)
Scrolls
 c - a scroll of fog


   Skills:
 + Level 3.1 Fighting
 + Level 2.0 Axes
 + Level 0.5 Armour
 + Level 1.9 Dodging
 + Level 4.6 Stealth
 + Level 0.7 Evocations


You had one spell level left.
You didn't know any spells.
Your spell library was empty.

Dungeon Overview and Level Annotations

Branches:
Dungeon (5/15)
 Temple: D:4-7

Altars:


Innate Abilities, Weirdness & Mutations

You are partially covered in sharp spines.
Your flesh is heat resistant. (rF+)


Message History

* * * LOW HITPOINT WARNING * * *
An endoplasm comes into view.
A rat comes into view.
Found a war axe.
The rat barely misses you.
A bat comes into view.
Found 16 bolts.
The bat hits you but does no damage. The ogre is struck by your spines.
The ogre barely misses you.
The endoplasm quivers.
The bat closely misses you.
Found 13 gold pieces.
The bat is struck by your spines. The bat barely misses you.
You see here 16 bolts.
The bat hits you.
* * * LOW HITPOINT WARNING * * *
The bat is struck by your spines.
You kill the bat!
A goblin comes into view. It is wielding a +0 dagger.
It was a potion of mutation.
You feel extremely strange.
You feel resistant to heat. The rat bites you but does no damage.
The rat is struck by your spines. The rat barely misses you.
Aiming: Dig
Press: ? - help, Shift-Dir - straight line A rock wall.
The rock shatters into small pieces.
The rat is struck by your spines.
You kill the rat!
Okay, then.
Unknown command.
Unknown command.
Unknown command.
Aiming: Dig
Press: ? - help, Shift-Dir - straight line, f - you Please select a direction to dig.
Okay, then.
Aiming: Dig
Press: ? - help, Shift-Dir - straight line A rock wall.
The rock shatters into small pieces.
The ogre hits you with a +0 giant club!
You die...

##. .. .#
#................. #.#
#.. .≈...≈≈≈≈≈≈... #.#
#.###≈..≈≈≈≈PP≈≈≈.
#.###.#≈≈≈≈≈≈≈≈≈≈≈≈≈≈≈
#.≈≈≈≈≈≈≈≈≈≈≈≈≈≈≈≈≈≈≈
#.≈≈≈≈≈≈≈≈≈≈P≈≈≈.≈≈.
#..####≈≈.≈≈.≈≈P..$
#@Og.J............
########.........#
###########


You could see an ogre, an endoplasm and a goblin.

Vanquished Creatures
  An adder (D:4)
  An ufetubus (D:5)
  A bat (D:2)
  A kobold (D:4)
  A rat (D:2)
5 creatures vanquished.

Vanquished Creatures (others)
  2 plants (D:2)
2 creatures vanquished.

Grand Total: 7 creatures vanquished

Notes
Turn   | Place    | Note
-------+----------+-------------------------------------------
     0 | D:5      | flotson the Demonspawn Delver began the quest for the Orb.
     0 | D:5      | Reached XP level 1. HP: 18/18 MP: 1/1
    25 | D:5      | Noticed a scorpion
    30 | D:5      | Noticed a howler monkey
    38 | D:5      | Noticed a necrophage
   326 | D:4      | Noticed an ogre
   359 | D:4      | Gained mutation: You are partially covered in sharp spines.
                  | [demonic ancestry]
   359 | D:4      | Reached XP level 2. HP: 16/24 MP: 2/2
   425 | D:2      | HP: 1/24 [ogre (17)]
   439 | D:2      | HP: 1/24 [bat (1)]
   447 | D:2      | Gained mutation: Your flesh is heat resistant. (rF+)
                  | [potion of mutation]
   466 | D:2      | Slain by an ogre

Illustrated notes

Levels and vault maps discovered:
D:2:      wad_lake_hut, layout_rooms, chequers_big_river, patterned_corridor
D:3:      layout_loops_ring
D:4:      layout_loops_cross, minmay_pentangle, uniq_menkaure
D:5:      layout_cave_pools, serial_shops, nicolae_square_shop, sigmund_army,
          uniq_crazy_yiuf_cottage

Skill      XL: |  1 |
---------------+----+-----
Axes           | 2 |  2.0
Fighting       | |  3.1
Armour         | |  0.5
Dodging        | |  1.9
Stealth        | |  4.6
Evocations     | |  0.7

Action                   || total
-------------------------++-------
Melee: Hand axe          ||    19
Evoke: Wand              ||     2
  Use: Scroll            ||     2
       Potion            ||     2
Armor: Scale mail        ||     8
       Leather armour    ||     4
Dodge: Dodged            ||    22

Table legend: (Time is in decaauts)
 A = Elapsed time spent in this place.
 B = Non-inter-level travel time spent in this place.
 C = Inter-level travel time spent in this place.
 D = Time resting spent in this place.
 E = Time spent auto-exploring this place.
 F = Levels seen in this place.
 G = Mean time per level.
                   A        B        C        D        E       F      G
               +--------+--------+--------+--------+--------+-----+--------+
         Total |    450 |    450 |      0 |    214 |      9 |   4 |  112.5 |
       Dungeon |    450 |    450 |      0 |    214 |      9 |   4 |  112.5 |
               +--------+--------+--------+--------+--------+-----+--------+

Top non-repeatable levels by time:
     D:5: 271 daAuts
     D:4: 110 daAuts
     D:2: 59 daAuts
     D:3: 8 daAuts
